[Event "Titled Tuesday Blitz March 01 Early 2022"]
[White "Golubenko, Valentina"]
[Black "Joubert, Dantelle"]
[WhiteFideId "4501993"]
[BlackFideId "14310813"]
[WhiteElo "2164"]
[BlackElo "1507"]
[Result "1-0"]
[Round "09"]
[TimeControl "180+1"]
[Date "2022.03.01"]
[WhiteClock "0:01:02"]
[BlackClock "0:00:15"]

1. d4 Nf6 2. c4 c5 3. d5 e6 4. g3 exd5 5. cxd5 g6 6. Bg2 d6 7. Nc3 Bg7 8. e4 O-O 9. Nge2 Re8 10. O-O b5 11. Nxb5 Nxe4 12. Bf4 a6 13. Nbc3 Nxc3 14. Nxc3 Bb7 15. Ne4 Be5 16. Bxe5 Rxe5 17. f4 Re8 18. f5 Re5 19. fxg6 hxg6 20. Nf6+ Kg7 21. Qg4 Bc8 22. Qh4 Qh8 23. Qxh8+ Kxh8 24. Rae1 Bd7 25. Ne4 Rxe4 26. Rxe4 Bf5 27. Re7 Nd7 28. Rxf5 1-0


[Site "https://www.chess.com"]

[Event "Titled Tuesday Blitz March 01 Early 2022"]
[White "Golubev, Mikhail"]
[Black "Alavi, Sayed Javad"]
[WhiteFideId "14100983"]
[BlackFideId "12500607"]
[WhiteElo "2374"]
[BlackElo "2475"]
[Result "0-1"]
[Round "09"]
[TimeControl "180+1"]
[Date "2022.03.01"]
[WhiteClock "0:00:01"]
[BlackClock "0:00:03"]

1. e4 c5 2. Nf3 e6 3. d4 cxd4 4. Nxd4 Nc6 5. Nc3 Qc7 6. Be3 a6 7. a3 b5 8. Nxc6 Qxc6 9. Bd3 Bb7 10. O-O Bc5 11. Qg4 g6 12. Rae1 Nf6 13. Qh4 Nh5 14. Nd5 O-O 15. Nf6+ Nxf6 16. Qxf6 Rfe8 17. Bh6 Bf8 18. Bxf8 Rxf8 19. f4 Rae8 20. b4 d5 21. e5 d4 22. Rf3 Qc3 23. Rff1 Qxa3 24. h4 Qxb4 25. Qg5 Qe7 26. Qh6 Kh8 27. Kh2 Rg8 28. g3 Qf8 29. Qg5 Qe7 30. Qh6 Qf8 31. Qg5 h5 32. g4 Rg7 33. gxh5 Qe7 34. hxg6 Qxg5 35. fxg5 fxg6 36. Rf6 Rc8 37. Bxg6 Bd5 38. Ref1 a5 39. h5 a4 40. h6 Rgg8 41. Kg3 a3 42. Kh4 a2 43. Rf7 d3 0-1


[Site "https://www.chess.com"]

[Event "Titled Tuesday Blitz March 01 Early 2022"]
[White "Gubanov, Oleg"]
[Black "P., Komal Kishore"]
[WhiteFideId "14115115"]
[BlackFideId "5016703"]
[WhiteElo "2080"]
[BlackElo "2093"]
[Result "1-0"]
[Round "09"]
[TimeControl "180+1"]
[Date "2022.03.01"]
[WhiteClock "0:01:15"]
[BlackClock "0:00:01"]

1. e4 c6 2. d4 d5 3. e5 Bf5 4. g4 Be4 5. f3 Bg6 6. e6 Qd6 7. exf7+ Bxf7 8. Nc3 e5 9. dxe5 Qxe5+ 10. Nge2 Bb4 11. Bf4 Bxc3+ 12. bxc3 Qe7 13. Qd4 Nf6 14. g5 Nh5 15. Bd2 O-O 16. Bh3 Na6 17. Bg4 Rae8 18. f4 c5 19. Qf2 Bg6 20. O-O Bf7 21. Rae1 Qd6 22. f5 g6 23. Qh4 Nc7 24. Bxh5 gxh5 25. Ng3 Rxe1 26. Rxe1 Be8 27. Rf1 d4 28. Nxh5 1-0


[Site "https://www.chess.com"]

[Event "Titled Tuesday Blitz March 01 Early 2022"]
[White "Gunina, Valentina"]
[Black "Deac, Bogdan-Daniel"]
[WhiteFideId "4167570"]
[BlackFideId "1226380"]
[WhiteElo "2465"]
[BlackElo "2646"]
[Result "1/2-1/2"]
[Round "09"]
[TimeControl "180+1"]
[Date "2022.03.01"]
[WhiteClock "0:00:14"]
[BlackClock "0:00:05"]

1. d4 Nf6 2. c4 e6 3. Nf3 d5 4. Nc3 dxc4 5. e4 Bb4 6. Bxc4 Nxe4 7. O-O Nf6 8. Qa4+ Nc6 9. Ne5 Bd6 10. Nxc6 bxc6 11. Qxc6+ Bd7 12. Qf3 h6 13. Rd1 O-O 14. h3 a5 15. Bd3 a4 16. Ne4 Nxe4 17. Qxe4 f5 18. Qe2 Qh4 19. Bc4 Rae8 20. Bb5 Bxb5 21. Qxb5 e5 22. dxe5 Rxe5 23. Qd3 f4 24. Qf3 Qh5 25. Qxh5 Rxh5 26. Bd2 f3 27. Rac1 fxg2 28. Kxg2 Rb5 29. Rc2 Rd5 30. Rdc1 Rf6 31. Be3 Rg6+ 32. Kf1 Rh5 33. Rc4 a3 34. bxa3 Rxh3 35. a4 Rh5 36. Bc5 Rh1+ 37. Ke2 Re6+ 38. Kf3 Rh5 39. Bxd6 cxd6 40. Rb1 Rf6+ 41. Kg2 Rg5+ 42. Kf1 Rgf5 43. Rc2 Rf4 44. a5 Ra4 45. Rb5 Kh7 46. Kg2 Rg6+ 47. Kf1 Rf6 48. Kg2 Rf7 49. Rd2 Ra7 50. Rxd6 Rxa2 51. Rdd5 g6 52. Kg3 h5 53. Rg5 Ra3+ 54. Kg2 Ra2 55. Kg3 Rf7 56. f3 Ra3 57. Rb6 Rfxf3+ 58. Kg2 Rfc3 59. Rgxg6 Rc2+ 60. Kh1 Ra1+ 61. Rg1 Rxa5 62. Rb7+ Kh6 63. Rb6+ Kh7 64. Rb7+ Kh6 65. Rb6+ Kh7 1/2-1/2


[Site "https://www.chess.com"]

[Event "Titled Tuesday Blitz March 01 Early 2022"]
[White "Hakemi, Arman"]
[Black "Roberson, Peter T"]
[WhiteFideId "22520805"]
[BlackFideId "412384"]
[WhiteElo "2208"]
[BlackElo "2346"]
[Result "1-0"]
[Round "09"]
[TimeControl "180+1"]
[Date "2022.03.01"]
[WhiteClock "0:01:35"]
[BlackClock "0:00:14"]

1. e4 e6 2. d4 d5 3. Nc3 Nf6 4. e5 Nfd7 5. f4 c5 6. Nf3 Be7 7. Be3 O-O 8. Qd2 b6 9. Be2 Ba6 10. O-O Bxe2 11. Nxe2 Nc6 12. c3 f5 13. Kh1 a5 14. Rg1 b5 15. g4 b4 16. gxf5 Rxf5 17. Rg4 a4 18. Rag1 g6 19. dxc5 Nxc5 20. Ned4 Ne4 21. Qg2 Nxd4 22. Rxg6+ Kh8 23. Rg7 Qf8 24. Nxd4 Ng5 25. Nxf5 exf5 26. Rxg5 Bxg5 27. Qxg5 bxc3 28. bxc3 d4 29. Bxd4 Rd8 30. Qxd8 Qxd8 31. e6+ Qxd4 32. cxd4 a3 33. e7 h5 34. e8=Q+ Kh7 35. Qg6+ Kh8 36. Qg7# 1-0


[Site "https://www.chess.com"]

[Event "Titled Tuesday Blitz March 01 Early 2022"]
[White "Dronavalli, Harika"]
[Black "Horak, Martin"]
[WhiteFideId "5015197"]
[BlackFideId "367095"]
[WhiteElo "2382"]
[BlackElo "1997"]
[Result "1/2-1/2"]
[Round "09"]
[TimeControl "180+1"]
[Date "2022.03.01"]
[WhiteClock "0:00:37"]
[BlackClock "0:00:06"]

1. Nf3 Nf6 2. c4 b6 3. g3 Bb7 4. Bg2 e6 5. O-O c5 6. b3 Be7 7. Bb2 O-O 8. e3 d5 9. Nc3 Nc6 10. cxd5 Nxd5 11. Nxd5 Qxd5 12. d4 Rfd8 13. Ne5 Qd6 14. Qf3 Nxe5 15. dxe5 Qd5 16. e4 Qd3 17. Rfd1 Qxf3 18. Bxf3 Rxd1+ 19. Rxd1 Rd8 20. Rxd8+ Bxd8 21. Kf1 Ba6+ 22. Be2 Bxe2+ 23. Kxe2 Kf8 24. Kd3 b5 25. a4 a6 26. axb5 axb5 27. Bc1 h5 28. Kc2 Ke8 29. f4 Kd7 30. Be3 Kc6 31. h3 g6 32. Kd3 Bb6 33. Bd2 Bc7 34. g4 hxg4 35. hxg4 Bb6 36. Bc3 Bc7 37. Bb2 Ba5 38. Bc1 Be1 39. Be3 Bg3 40. Ke2 g5 41. f5 Bxe5 42. Bxg5 c4 43. bxc4 bxc4 44. Be3 Kb5 45. Kd1 exf5 46. exf5 c3 47. Kc2 Kc4 48. g5 Kd5 49. Kd3 c2 50. g6 fxg6 51. fxg6 Bg7 52. Bc1 Ke6 53. Kxc2 Kf5 54. Kd3 Kxg6 1/2-1/2


[Site "https://www.chess.com"]

[Event "Titled Tuesday Blitz March 01 Early 2022"]
[White "Hess, Robert"]
[Black "Bortnyk, Olexandr"]
[WhiteFideId "2022036"]
[BlackFideId "14120828"]
[WhiteElo "2557"]
[BlackElo "2723"]
[Result "1-0"]
[Round "09"]
[TimeControl "180+1"]
[Date "2022.03.01"]
[WhiteClock "0:00:13"]
[BlackClock "0:00:02"]

1. d4 f5 2. Nc3 d5 3. h3 g6 4. Bf4 Bg7 5. Qd2 c6 6. O-O-O h6 7. g4 Nf6 8. gxf5 Bxf5 9. f3 Nbd7 10. h4 c5 11. dxc5 e5 12. e4 dxe4 13. Be3 O-O 14. fxe4 Nxe4 15. Qd5+ Kh8 16. Nxe4 Qa5 17. Nd6 Nf6 18. Qb3 Ng4 19. Bc4 e4 20. Ne2 b5 21. Bd5 Rab8 22. Bd4 b4 23. h5 Bxd4 24. Nxd4 Qxc5 25. N6xf5 gxf5 26. Ne6 Qe3+ 27. Qxe3 Nxe3 28. Nxf8 Rxf8 29. Rd4 a5 30. Bb3 Kg7 31. Rg1+ Kf6 32. Rd6+ Ke5 33. Rxh6 Ng4 34. Re6+ Kf4 35. h6 Rh8 36. Rg6 e3 37. c3 bxc3 38. bxc3 Ne5 39. Re6 Nd3+ 40. Kc2 Nf2 41. Rf1 Kf3 42. Bd5+ Kf4 43. c4 a4 44. c5 Rd8 45. h7 Rh8 46. Re7 Kg5 47. Rxe3 Ng4 48. Re7 f4 49. c6 Nf6 50. Bg8 1-0


[Site "https://www.chess.com"]

[Event "Titled Tuesday Blitz March 01 Early 2022"]
[White "Horobetz, Graham"]
[Black "Molina, Roberto Junio Brito"]
[WhiteFideId "2047322"]
[BlackFideId "2109450"]
[WhiteElo "2632"]
[BlackElo "2402"]
[Result "1/2-1/2"]
[Round "09"]
[TimeControl "180+1"]
[Date "2022.03.01"]
[WhiteClock "0:00:49"]
[BlackClock "0:00:44"]

1. e4 c6 2. d4 d5 3. Nc3 dxe4 4. Nxe4 Nd7 5. Ng5 Ngf6 6. Bd3 e6 7. N1f3 Bd6 8. Qe2 h6 9. Ne4 Nxe4 10. Qxe4 Qc7 11. Qg4 g5 12. O-O Nf6 13. Qh3 g4 14. Qh4 gxf3 15. Qxf6 Bxh2+ 16. Kh1 fxg2+ 17. Kxg2 Rg8+ 18. Kh1 Bd6 19. Be3 Be7 20. Qxh6 Bd7 21. Rg1 O-O-O 22. Rxg8 Rxg8 23. Rg1 Qd8 24. Rxg8 Qxg8 25. Qh7 Qxh7+ 26. Bxh7 Bf6 27. c3 Kd8 28. Kg2 Ke7 29. Be4 b6 30. f4 Bg7 31. Kf3 f5 32. Bc2 Be8 33. Bb3 Bh5+ 34. Kg3 Bf6 35. Bd2 Kd6 36. Be3 Be2 37. Kf2 Bd3 38. Kg3 Be4 39. Bd1 b5 40. a3 a5 41. Bg1 a4 42. Be2 Ke7 43. Kf2 Bh4+ 44. Ke3 Bd5 45. Bf2 Bf6 46. Bd3 Kd6 47. Be2 Kd7 48. Bd3 Ke7 49. Be2 Kf7 50. Bd3 Kg6 51. Be2 Be7 52. Bd3 Bf6 53. Be2 Bd8 54. Bd3 Be7 55. Be2 Bc4 56. Bf3 Bd5 57. Be2 Bf6 58. Bd3 Kf7 59. Be2 Ke7 60. Bh5 Kd6 61. Be2 Bc4 62. Bf3 Bd5 63. Be2 1/2-1/2


[Site "https://www.chess.com"]

[Event "Titled Tuesday Blitz March 01 Early 2022"]
[White "Iljin, Timofey"]
[Black "Dziththauly, Ramadhan"]
[WhiteFideId "14110180"]
[BlackFideId "7105525"]
[WhiteElo "2396"]
[BlackElo "2581"]
[Result "0-1"]
[Round "09"]
[TimeControl "180+1"]
[Date "2022.03.01"]
[WhiteClock "0:02:43"]
[BlackClock "0:02:05"]

1. e4 c5 2. c3 d5 3. exd5 Qxd5 4. d4 Nf6 5. Nf3 cxd4 6. cxd4 e6 7. Nc3 Qa5 8. Be2 Nc6 9. O-O Bd6 10. Be3 O-O 11. a3 Qd8 12. b4 b6 13. Rc1 Bb7 14. h3 Rc8 15. Bd3 h6 16. Bb1 Bb8 17. Qd3 Ne7 18. Bf4 Bxf4 19. Ne4 Bxe4 0-1


[Site "https://www.chess.com"]

[Event "Titled Tuesday Blitz March 01 Early 2022"]
[White "Janaszak, Dawid"]
[Black "Barbashin, Igor"]
[WhiteFideId "1119206"]
[BlackFideId "4155718"]
[WhiteElo "2199"]
[BlackElo "2138"]
[Result "1-0"]
[Round "09"]
[TimeControl "180+1"]
[Date "2022.03.01"]
[WhiteClock "0:00:41"]
[BlackClock "0:00:07"]

1. e4 d5 2. Nc3 Nf6 3. e5 d4 4. exf6 dxc3 5. fxg7 cxd2+ 6. Bxd2 Bxg7 7. Qf3 Nc6 8. O-O-O Nd4 9. Qg3 Nf5 10. Qa3 Qd6 11. Qa5 Qb6 12. Qxb6 axb6 13. Bc4 c6 14. Nf3 b5 15. Bb3 c5 16. c4 bxc4 17. Bxc4 Bd7 18. Rhe1 b5 19. Bd5 Ra6 20. Ne5 Bxe5 21. Rxe5 e6 22. a3 Nd4 23. Bc3 Bc6 24. Bxd4 Bxd5 25. Rxd5 cxd4 26. Rxb5 Ke7 27. Rxd4 Rc8+ 28. Kb1 Rac6 29. Rb7+ Kf6 30. Rf4+ Ke5 31. Rfxf7 Rc1+ 32. Ka2 R8c2 33. h4 1-0


[Site "https://www.chess.com"]

[Event "Titled Tuesday Blitz March 01 Early 2022"]
[White "Jarocka, Liwia"]
[Black "Stefanov, Plamen"]
[WhiteFideId "21807558"]
[BlackFideId "2900980"]
[WhiteElo "1896"]
[BlackElo "2137"]
[Result "1-0"]
[Round "09"]
[TimeControl "180+1"]
[Date "2022.03.01"]
[WhiteClock "0:01:35"]
[BlackClock "0:00:52"]

1. d4 Nf6 2. c4 c5 3. Nf3 cxd4 4. Nxd4 Nc6 5. Nc3 e6 6. g3 Bb4 7. Bg2 O-O 8. O-O d5 9. cxd5 exd5 10. Bg5 Bxc3 11. bxc3 h6 12. Bxf6 Qxf6 13. Bxd5 Nxd4 14. Qxd4 Qe7 15. Qe4 Qxe4 16. Bxe4 Re8 17. Bf3 Rb8 18. Rfd1 b6 19. e3 Be6 20. Bd5 Rbc8 21. c4 Bg4 22. Rd4 Be2 23. Re1 Bh5 24. g4 Bg6 25. f4 Kf8 26. Kf2 f6 27. Red1 Rc7 28. R1d2 Bf7 29. e4 Rec8 30. Kg3 Rxc4 31. Bxc4 Rxc4 32. Rxc4 Bxc4 33. a3 Ke7 34. Kf2 b5 35. Ke3 g5 36. e5 fxe5 37. fxe5 Ke6 38. Kd4 a5 39. Rf2 Bb3 40. Rf6+ Ke7 41. Rxh6 b4 42. axb4 a4 43. Ra6 a3 44. Rxa3 Be6 45. Ra7+ 1-0


[Site "https://www.chess.com"]

[Event "Titled Tuesday Blitz March 01 Early 2022"]
[White "Jaskolka, Tomasz"]
[Black "Hoffmann, Asa"]
[WhiteFideId "1170791"]
[BlackFideId "2001470"]
[WhiteElo "2054"]
[BlackElo "2117"]
[Result "1-0"]
[Round "09"]
[TimeControl "180+1"]
[Date "2022.03.01"]
[WhiteClock "0:00:11"]
[BlackClock "0:00:31"]

1. d4 Nf6 2. Bf4 d6 3. Nc3 c6 4. e4 Qa5 5. Qd2 b5 6. Bd3 Nbd7 7. f3 e5 8. dxe5 dxe5 9. Be3 Bc5 10. Nge2 Qb6 11. Bxc5 Nxc5 12. Qg5 O-O 13. Qxe5 Re8 14. Qg3 Be6 15. Qf2 Red8 16. Rd1 b4 17. Nb1 Bxa2 18. Nf4 b3 19. Nc3 bxc2 20. Bxc2 Bc4 21. Bb1 g5 22. Qg3 h6 23. h4 Qxb2 24. hxg5 Qxc3+ 25. Kf2 Nfxe4+ 26. fxe4 Qxg3+ 27. Kxg3 hxg5 28. Rxd8+ Rxd8 29. Nh5 Rd6 30. e5 Re6 31. Nf6+ Kf8 32. Rh8+ Ke7 33. Re8# 1-0


[Site "https://www.chess.com"]

[Event "Titled Tuesday Blitz March 01 Early 2022"]
[White "Jumabayev, Rinat"]
[Black "Abdyzhapar, Asylbek"]
[WhiteFideId "13702661"]
[BlackFideId "13800337"]
[WhiteElo "2561"]
[BlackElo "2331"]
[Result "1-0"]
[Round "09"]
[TimeControl "180+1"]
[Date "2022.03.01"]
[WhiteClock "0:00:13"]
[BlackClock "0:00:11"]

1. d4 Nf6 2. c4 g6 3. Nc3 Bg7 4. e4 d6 5. f3 O-O 6. Be3 Nbd7 7. Nge2 a6 8. Qd2 c5 9. dxc5 Nxc5 10. e5 Nfd7 11. exd6 exd6 12. Nf4 Re8 13. Be2 Ne5 14. O-O Ne6 15. Nfd5 Nc6 16. Rfd1 Ned4 17. Bf1 Be6 18. Rac1 Rc8 19. Qf2 Nf5 20. Bb6 Qg5 21. Ne4 Qh6 22. Ndf6+ Kh8 23. Nxe8 Rxe8 24. Qd2 Qh4 25. Bf2 Qe7 26. Nxd6 Nxd6 27. Qxd6 Qg5 28. Qd2 Qh5 29. b4 Be5 30. f4 Bb8 31. b5 Ne7 32. Re1 Kg8 33. c5 axb5 34. Bxb5 Nc6 35. Bc4 Qg4 36. Bxe6 fxe6 37. Rc4 Rf8 38. Bg3 h5 39. Qe2 Qxe2 40. Rxe2 Kf7 41. Rb2 Nd8 42. f5 Bxg3 43. fxg6+ Kxg6 44. hxg3 Rf7 45. Re4 Re7 46. a4 Nc6 47. Rf2 e5 48. g4 h4 49. Kh2 Rd7 50. Rb2 Kg5 51. Rb3 Rf7 52. Rf3 Rd7 53. Rf5+ Kg6 54. Rh5 Rd5 55. Rxh4 Rxc5 56. Rh8 Rc2 57. Rg8+ Kf7 58. Rc8 Rb2 59. Rc7+ Ke6 60. Re3 Kd5 61. g5 Rb4 62. g6 Rg4 63. Rg3 Rh4+ 64. Kg1 Rh8 65. g7 Rg8 66. Rf7 Ke6 67. Rf8 Ne7 68. Kf2 1-0


[Site "https://www.chess.com"]

[Event "Titled Tuesday Blitz March 01 Early 2022"]
[White "Kalajzic, Ivan"]
[Black "Golubka, Petro"]
[WhiteFideId "14506378"]
[BlackFideId "14114224"]
[WhiteElo "2163"]
[BlackElo "2392"]
[Result "0-1"]
[Round "09"]
[TimeControl "180+1"]
[Date "2022.03.01"]
[WhiteClock "0:00:12"]
[BlackClock "0:01:08"]

1. b3 d5 2. Bb2 f6 3. f4 c5 4. e3 a6 5. c4 e6 6. Qh5+ g6 7. Qh4 Bg7 8. Nc3 Nc6 9. cxd5 exd5 10. Nf3 b5 11. Be2 Nh6 12. O-O O-O 13. Rac1 Kh8 14. e4 Ne7 15. d3 Bb7 16. g4 d4 17. Nd1 Rc8 18. Nf2 Qd7 19. h3 Nf7 20. b4 cxb4 21. Bxd4 Qd6 22. Rxc8 Rxc8 23. g5 f5 24. Bxg7+ Kxg7 25. Qg3 Rc2 26. Re1 Rxa2 27. e5 Qb6 28. Kf1 a5 29. d4 a4 30. e6 Nd6 31. Ne5 Qxd4 32. Rd1 Ra1 33. Qd3 Rxd1+ 34. Nxd1 Qxf4+ 35. Nf3 b3 0-1


[Site "https://www.chess.com"]

[Event "Titled Tuesday Blitz March 01 Early 2022"]
[White "Kamsky, Gata"]
[Black "Samunenkov, Ihor"]
[WhiteFideId "2000024"]
[BlackFideId "14187086"]
[WhiteElo "2645"]
[BlackElo "2406"]
[Result "1-0"]
[Round "09"]
[TimeControl "180+1"]
[Date "2022.03.01"]
[WhiteClock "0:00:40"]
[BlackClock "0:00:03"]

1. e4 c6 2. d4 d5 3. exd5 cxd5 4. Bd3 Nc6 5. c3 Qc7 6. Ne2 Bg4 7. O-O Bh5 8. Qe1 Bg6 9. Nf4 Bxd3 10. Nxd3 e6 11. Bf4 Bd6 12. Bg3 Nf6 13. a4 O-O 14. Nd2 Na5 15. Qe2 Nd7 16. f4 Nc4 17. Nxc4 Qxc4 18. Bh4 Rae8 19. Rf3 f6 20. Bg3 f5 21. Bh4 Nf6 22. Bxf6 gxf6 23. Re3 Kh8 24. Re1 Bb8 25. Kh1 Re7 26. Nc5 Bxf4 27. Qxc4 dxc4 28. Rxe6 Rxe6 29. Rxe6 Bc1 30. Re2 b6 31. Nb7 Rc8 32. Nd6 Rc6 33. Nxf5 h5 34. g3 Kh7 35. Kg2 a6 36. Re7+ Kg6 37. Nh4+ Kh6 38. Re2 Kg5 39. Kf3 b5 40. Rc2 Bf4 41. axb5 axb5 42. Ke4 Bb8 43. Kd5 Rc8 44. Rf2 b4 45. Rf5+ Kh6 46. Rxf6+ Kg7 47. Rc6 Rd8+ 48. Kxc4 1-0


[Site "https://www.chess.com"]

[Event "Titled Tuesday Blitz March 01 Early 2022"]
[White "Kanyamarala, Tarun"]
[Black "Vokhidov, Shamsiddin"]
[WhiteFideId "45004714"]
[BlackFideId "14204223"]
[WhiteElo "2144"]
[BlackElo "2611"]
[Result "0-1"]
[Round "09"]
[TimeControl "180+1"]
[Date "2022.03.01"]
[WhiteClock "0:00:02"]
[BlackClock "0:01:05"]

1. d4 Nf6 2. c4 e6 3. Nc3 Bb4 4. e3 O-O 5. Bd2 b6 6. Nf3 Bb7 7. Bd3 c5 8. a3 Bxc3 9. Bxc3 d6 10. O-O Nbd7 11. b4 Ne4 12. Bb2 f5 13. Nd2 Qh4 14. f3 Nxd2 15. Qxd2 Rad8 16. Qf2 Qe7 17. Rad1 e5 18. Qc2 e4 19. fxe4 Bxe4 20. Bxe4 fxe4 21. Rde1 h6 22. Rf4 Rxf4 23. exf4 Re8 24. d5 e3 25. Qg6 Nf8 26. Qg3 Qc7 27. b5 Qe7 28. Kh1 g5 29. h4 Ng6 30. fxg5 hxg5 31. hxg5 Qe4 32. Kg1 Qf4 33. Qxf4 Nxf4 34. Bc1 Re4 35. Rxe3 Rxc4 36. Re8+ Kf7 37. Bxf4 Kxe8 38. Bxd6 Rd4 39. Bb8 c4 40. Bxa7 c3 41. Bxb6 c2 42. Bxd4 c1=Q+ 43. Kf2 Qf4+ 0-1


[Site "https://www.chess.com"]

[Event "Titled Tuesday Blitz March 01 Early 2022"]
[White "Kanyamarala, Trisha"]
[Black "Voege, Tobias"]
[WhiteFideId "45004722"]
[BlackFideId "1270513"]
[WhiteElo "2002"]
[BlackElo "2335"]
[Result "0-1"]
[Round "09"]
[TimeControl "180+1"]
[Date "2022.03.01"]
[WhiteClock "0:00:02"]
[BlackClock "0:00:03"]

1. d4 Nf6 2. c4 g6 3. Nc3 Bg7 4. e4 d6 5. Nf3 O-O 6. Be2 e5 7. d5 Nbd7 8. h3 Nh5 9. g3 a5 10. Be3 Nc5 11. Nd2 Nf6 12. g4 Nfd7 13. Qc2 c6 14. O-O-O a4 15. Kb1 Qa5 16. h4 h6 17. Nf1 Qc7 18. Qd2 Kh7 19. Ng3 a3 20. b3 Rd8 21. h5 g5 22. dxc6 bxc6 23. Qxd6 Qa5 24. Bd2 Bf8 25. Qxc6 Bb7 26. Qb5 Qxb5 27. Nxb5 Nxe4 28. Bd3 Nc5 29. Nxe4 Nxd3 30. f3 Bxe4 31. fxe4 Nf2 32. Rhf1 Nxd1 33. Rxd1 Bb4 34. Kc2 Bxd2 35. Rxd2 Kg7 36. Rf2 Rd7 37. c5 Ra5 38. Nd6 Rxc5+ 39. Kb1 Rxd6 0-1


[Site "https://www.chess.com"]

[Event "Titled Tuesday Blitz March 01 Early 2022"]
[White "Karttunen, Mika"]
[Black "FGHSMN"]
[WhiteFideId "502081"]
[WhiteElo "2343"]
[BlackElo "2710"]
[Result "1-0"]
[Round "09"]
[TimeControl "180+1"]
[Date "2022.03.01"]
[WhiteClock "0:00:05"]
[BlackClock "0:00:03"]

1. c4 e5 2. Nc3 Nc6 3. g3 f5 4. Bg2 Nf6 5. d3 Bb4 6. Bd2 d6 7. e3 Bxc3 8. Bxc3 O-O 9. Ne2 Qe8 10. Qc2 Be6 11. b4 Rb8 12. b5 Ne7 13. a4 Qh5 14. h3 Ng6 15. f4 exf4 16. exf4 Rbe8 17. Kf2 d5 18. Bf3 Qh6 19. Bb4 Rf7 20. Rae1 dxc4 21. dxc4 Ne4+ 22. Bxe4 fxe4 23. Qxe4 Bd7 24. Qxb7 Ne5 25. Qd5 c6 26. Qd4 cxb5 27. axb5 Bxh3 28. Qd5 Ng4+ 29. Kg1 Ne3 30. Qf3 Bg4 31. Rxh6 Bxf3 32. Rd6 Nxc4 33. Rd4 Nb6 34. Kf2 Bg4 35. Ng1 Rc8 36. Nf3 h6 37. Ne5 Rc2+ 38. Rd2 Rxd2+ 39. Bxd2 Bd7 40. Nxf7 Kxf7 41. Be3 Bxb5 42. Rb1 Bd3 43. Rb3 Bc4 44. Ra3 Nd5 45. Rxa7+ Kg6 46. Ra4 Bb5 47. Rd4 Nf6 48. Rd6 Kf5 49. Rb6 Bd3 50. Bd4 Ng4+ 51. Kf3 Be4+ 52. Ke2 g5 53. Rb5+ Kg6 54. Rb6+ Kf5 55. Rb5+ Kg6 56. Be3 gxf4 57. Bxf4 h5 58. Rg5+ Kf6 59. Rxh5 Ke6 60. Rh8 Kf7 61. Rd8 Bf5 62. Rb8 Nf6 63. Rb7+ Kg6 64. Rb6 Bg4+ 65. Kd3 Kf5 66. Kd4 Nh5 67. Rb5+ Ke6 68. Rb6+ Kf7 69. Rh6 Ng7 70. Ke5 Nf5 71. Rf6+ Kg7 72. Rxf5 1-0


[Site "https://www.chess.com"]

[Event "Titled Tuesday Blitz March 01 Early 2022"]
[White "Kejzar, Petra"]
[Black "Musovic, Armin"]
[WhiteFideId "14610213"]
[BlackFideId "939935"]
[WhiteElo "2006"]
[BlackElo "2250"]
[Result "0-1"]
[Round "09"]
[TimeControl "180+1"]
[Date "2022.03.01"]
[WhiteClock "0:00:01"]
[BlackClock "0:00:20"]

1. e4 c6 2. c4 d5 3. cxd5 cxd5 4. exd5 e6 5. dxe6 Bxe6 6. Nf3 Nc6 7. d4 a6 8. Nc3 Nf6 9. Bg5 Be7 10. Be2 O-O 11. O-O Nd5 12. Be3 Re8 13. Bd3 h6 14. a3 Rc8 15. Bc2 Nf6 16. Qd3 Bd6 17. d5 Bg4 18. dxc6 Bxf3 19. gxf3 Rxc6 20. Kh1 Qa5 21. Ne4 Nxe4 22. fxe4 Qh5 23. f4 Qh3 24. e5 Bc7 25. Bg1 Qh5 26. b4 Rd8 27. Qh7+ Kf8 28. Bc5+ Rxc5 29. bxc5 Rd2 30. Qh8+ Ke7 31. Rf2 Rxf2 0-1


[Site "https://www.chess.com"]

[Event "Titled Tuesday Blitz March 01 Early 2022"]
[White "Kett, Tim"]
[Black "Bilan, Danila"]
[WhiteFideId "1801210"]
[BlackFideId "24161918"]
[WhiteElo "2098"]
[BlackElo "2164"]
[Result "1-0"]
[Round "09"]
[TimeControl "180+1"]
[Date "2022.03.01"]
[WhiteClock "0:01:39"]
[BlackClock "0:00:25"]

1. e4 c6 2. d4 d5 3. e5 c5 4. dxc5 e6 5. a3 Bxc5 6. b4 Bb6 7. Qg4 Kf8 8. Nf3 Ne7 9. Bd3 a5 10. bxa5 Bxa5+ 11. Bd2 b6 12. O-O Ba6 13. Bxa5 bxa5 14. Nc3 Bxd3 15. cxd3 h5 16. Qg5 Nbc6 17. Nb5 Nf5 18. Qxd8+ Rxd8 19. Rfc1 Rc8 20. Nfd4 Nfxd4 21. Nxd4 Na7 22. Rxc8+ Nxc8 23. Rc1 Ne7 24. Rc5 g5 25. Rxa5 Kg7 26. Ra7 Re8 27. a4 Kg6 28. a5 Rb8 29. h4 Nc8 30. Rc7 gxh4 31. Nc6 Ra8 32. Rxc8 1-0


[Site "https://www.chess.com"]

[Event "Titled Tuesday Blitz March 01 Early 2022"]
[White "Khamdamova, Afruza"]
[Black "Zainullina, Nataliya"]
[WhiteFideId "14210444"]
[BlackFideId "4145488"]
[WhiteElo "1660"]
[BlackElo "2070"]
[Result "1-0"]
[Round "09"]
[TimeControl "180+1"]
[Date "2022.03.01"]
[WhiteClock "0:00:18"]
[BlackClock "0:00:13"]

1. e4 c5 2. Nf3 d6 3. d4 cxd4 4. Nxd4 Nf6 5. Nc3 a6 6. Be2 e5 7. Nb3 Be7 8. O-O Be6 9. f4 Nc6 10. f5 Bxb3 11. axb3 O-O 12. Be3 b5 13. Bf3 b4 14. Nd5 Nxd5 15. Qxd5 Rc8 16. Rxa6 Qc7 17. Rfa1 h6 18. Be2 Bg5 19. Bf2 Nd4 20. Bxd4 exd4 21. Bc4 Bf4 22. Ra7 Qd8 23. Rxf7 Rxf7 24. Qxf7+ Kh8 25. Ra7 Be5 26. Qe6 Rb8 27. g3 Qg5 28. Kg2 Qd2+ 29. Kh3 Qg5 30. Re7 Qh5+ 31. Kg2 Rf8 32. Qd7 d3 33. Bxd3 Bxb2 34. Qxd6 Bf6 35. Re6 Qd1 36. Qxf8+ Kh7 37. Re8 Qd2+ 38. Kh3 g6 39. Qg8# 1-0


[Site "https://www.chess.com"]

[Event "Titled Tuesday Blitz March 01 Early 2022"]
[White "Kirillov, Dmitry"]
[Black "Costachi, Mihnea"]
[WhiteFideId "34180572"]
[BlackFideId "1217518"]
[WhiteElo "2076"]
[BlackElo "2464"]
[Result "1-0"]
[Round "09"]
[TimeControl "180+1"]
[Date "2022.03.01"]
[WhiteClock "0:00:14"]
[BlackClock "0:00:14"]

1. e4 e5 2. d4 exd4 3. Qxd4 Nc6 4. Qe3 g6 5. Bd2 Bg7 6. Nc3 d6 7. O-O-O Nge7 8. Nge2 a6 9. Nf4 b5 10. Ncd5 O-O 11. h4 Nxd5 12. Nxd5 Ne7 13. h5 Nxd5 14. exd5 Re8 15. Qg3 b4 16. hxg6 hxg6 17. Bxb4 Re5 18. f4 Re8 19. Bc3 Qe7 20. Re1 Qd7 21. Rxe8+ Qxe8 22. Bxg7 Kxg7 23. Qc3+ f6 24. Qxc7+ Bd7 25. Bd3 Qe7 26. Qc3 Rc8 27. Qd2 Bb5 28. Re1 Qb7 29. Bxb5 Qxb5 30. b3 Rc7 31. Kb2 Qc5 32. Re6 a5 33. a4 Kf7 34. g4 Rc8 35. g5 f5 36. Rf6+ Kg7 37. Re6 Rc7 38. Qh2 Qc3+ 39. Kb1 Kf7 40. Qh7+ Qg7 41. Rf6+ Ke8 42. Re6+ Kd8 43. Rxd6+ Kc8 44. Qxg7 Rxg7 45. Ra6 Kb7 46. Rxa5 Re7 47. Rb5+ Kc7 48. d6+ Kxd6 49. Rb6+ Kd5 50. Rxg6 Ke4 51. Rf6 Kxf4 52. g6 Kg5 53. Rf7 Re1+ 54. Kb2 Kxg6 55. Rf8 Kg5 56. a5 Re6 57. b4 f4 58. b5 Re5 59. c4 Rf5 60. Rg8+ Kf6 61. a6 f3 62. a7 f2 63. Rf8+ Ke5 64. Rxf5+ Kxf5 65. a8=Q f1=Q 66. Qf8+ Kg4 67. Qxf1 1-0


[Site "https://www.chess.com"]